 Dungeon Crawl Stone Soup version 0.30.0-5-g1a98f26d00 (webtiles) character file.

Game seed: 4585009231482149901

64955 backslashecho the Sage (level 14, -1/102 (103) HPs)
             Began as a Demonspawn Reaver on May 8, 2023.
             Was a High Priest of Sif Muna.
             Shot with a bolt by an orc warrior (11 damage)
             ... led by an orc knight
             ... while paralysed by an orc sorcerer
             ... on level 2 of the Orcish Mines.
             The game lasted 01:53:05 (25676 turns).

backslashecho the Sage (Demonspawn Reaver)         Turns: 25676, Time: 01:53:06

HP:   -1/102 (103)  AC:  9    Str: 15    XL:     14   Next: 73%
MP:   23/29         EV:  2    Int: 25    God:    Sif Muna [*****.]
Gold: 1981          SH:  0    Dex: 17    Spells: 10/36 levels left

rFire   . . .        a - staff of earth "Vaenuket" {Dex+5}
rCold   . . .        (no shield)
rNeg    . . .        N - +0 robe "Puhele" {Str+2 Int+3}
rPois   +            r - +1 helmet {Int+3}
rElec   .            H - +1 cloak {rPois}
rCorr   .            (no gloves)
SInv    .            i - +2 pair of boots
Will    +....        X - amulet of magic regeneration
Stlth   +++          O - +5 ring of evasion
HPRegen 0.37/turn    T - ring of wizardry
MPRegen 0.61/turn

%: wizardry (x1)
@: paralysed, studying Ranged Weapons, lightly drained
A: large bone plates 3, ignite blood 1, spiny 3, demonic touch 2
a: Renounce Religion, Channel Magic, Forget Spell, Divine Exegesis


You were on level 2 of the Orcish Mines.
You worshipped Sif Muna.
Sif Muna was extremely pleased with you.
You visited 4 branches of the dungeon, and saw 20 of its levels.
You also visited: Ossuary, Ice Cave and Volcano.

You collected 1981 gold pieces.

Inventory:

Hand Weapons
 b - a +6 whip of electrocution
 d - a +2 dagger of pain
Missiles
 h - 42 poisoned darts
 l - 4 atropa-tipped darts
 J - a throwing net
 K - 7 curare-tipped darts
Armour
 e - a +2 robe of fire resistance
 i - a +2 pair of boots (worn)
 r - a +1 helmet of intelligence (worn)
 H - a +1 cloak of poison resistance (worn)
 N - the +0 robe "Puhele" (worn) {Str+2 Int+3}
   (You found it on level 1 of the Lair of Beasts)

   Str:       It affects your strength (+2).
   Int:       It affects your intelligence (+3).
 Y - a +2 robe of cold resistance
Magical Staves
 a - the staff of earth "Vaenuket" (weapon) {Dex+5}
   (You acquired it on level 3 of the Dungeon)

   [staff of earth]

   Base accuracy: +5 Base damage: 5 Base attack delay: 1.2 This weapon's minimum
   attack delay (0.6) is reached at skill level 12.
   Dex:       It affects your dexterity (+5).
   It falls into the 'Staves' category.
   It is a one-handed weapon.
 M - a staff of cold
Jewellery
 O - a +5 ring of evasion (left hand)
 Q - a ring of protection from cold
 T - a ring of wizardry (right hand)
 W - the amulet of Lady Luck {rF+ Regen+ MP+9}
   (You found it on level 5 of the Lair of Beasts)

   [amulet of regeneration]

   rF:        It protects you from fire.
   MP:        It affects your magic capacity (+9).
   Regen:     It increases your rate of health regeneration.
 X - an amulet of magic regeneration (around neck)
Wands
 z - a wand of quicksilver (3)
 A - a wand of flame (23)
 C - a wand of roots (5)
 I - a wand of paralysis (11)
Scrolls
 m - 2 scrolls of enchant armour
 q - 4 scrolls of vulnerability
 y - a scroll of blinking
 B - a scroll of fog
 G - 3 scrolls of fear
 S - 2 scrolls of teleportation
Potions
 c - 7 potions of curing
 g - 5 potions of brilliance
 j - 2 potions of cancellation
 k - 5 potions of heal wounds
 n - 7 potions of lignification
 o - 5 potions of berserk rage
 p - 7 potions of resistance
 u - 2 potions of invisibility
 v - a potion of ambrosia {unknown}
 x - 3 potions of flight
 F - 2 potions of mutation
 L - 2 potions of haste
 P - 2 potions of magic {unknown}
 U - 4 potions of might
Miscellaneous
 D - a box of beasts
 R - a lightning rod (4/4)
 V - a tin of tremorstones (2/2)


   Skills:
 + Level 7.6 Fighting
 - Level 3.4 Axes
 - Level 4.0 Staves
 - Level 8.0 Dodging
 - Level 5.0 Stealth
 - Level 1.0 Unarmed Combat
 - Level 11.7 Spellcasting
 - Level 10.0 Conjurations
 - Level 3.0 Summonings
 * Level 4.4 Necromancy
 - Level 2.0 Transmutations
 - Level 2.0 Air Magic
 - Level 6.0 Earth Magic
 - Level 5.0 Poison Magic
 - Level 15.0 Invocations
 + Level 7.0 Evocations


You had 10 spell levels left.
You knew the following spells:

 Your Spells              Type           Power      Damage    Failure   Level
a - Sandblast             Erth           100%       2d20      1%          1
b - Poisonous Vapours     Pois/Air       64%        N/A       1%          2
c - Stone Arrow           Conj/Erth      100%       3d13      1%          3
d - Necrotise             Necr           100%       1d9       1%          1
e - Hailstorm             Conj/Ice       39%        3d9       1%          3
f - Borgnjor's Vile Clut  Necr/Erth      28%        N/A       5%          5
g - Kiss of Death         Conj/Necr      100%       2d13      1%          1
h - Summon Lightning Spi  Summ/Air       27%        N/A       6%          4
j - Olgreb's Toxic Radia  Pois           39%        N/A       2%          4
r - Static Discharge      Conj/Air       88%        2-6/arc   1%          2

Your spell library contained the following spells:

 Spells                   Type           Power      Damage    Failure   Level
 Magic Dart               Conj           100%       1d8       1%          1
 Shock                    Conj/Air       100%       1d9       1%          1
 Sting                    Tmut/Pois      100%       1d8       1%          1
 Momentum Strike          Conj/Tloc      78%        3d10      1%          2
 Passwall                 Tmut/Erth      42%        N/A       1%          2
 Sublimation of Blood     Necr           37%        N/A       1%          2
 Wereblood                Tmut           24%        N/A       1%          2
 Vampiric Draining        Necr           37%        2d8       1%          3
 Lesser Beckoning         Tloc           28%        N/A       2%          2
 Animate Dead             Necr           37%        N/A       2%          4
 Flame Wave               Conj/Fire      39%        2d11      2%          4
 Fulminant Prism          Conj/Hex       19%        3d10      2%          4
 Gell's Gravitas          Tloc           14%        N/A       4%          3
 Teleport Other           Tloc           14%        N/A       4%          3
 Airstrike                Air            12%        2d(2-18)  8%          4
 Agony                    Necr           37%        N/A       8%          5
 Cause Fear               Hex            7%         N/A       16%         4
 Orb of Destruction       Conj           29%        9d9       22%         7
 Death Channel            Necr           18%        N/A       36%         6
 Summon Hydra             Summ           14%        N/A       98%         7
 Lehudib's Crystal Spear  Conj/Erth      35%        10d9      98%         8
 Dragon Form              Tmut           12%        N/A       99%         7
 Dragon's Call            Summ           14%        N/A       100%        9


Dungeon Overview and Level Annotations

Branches:
Dungeon (12/15)            Temple (1/1) D:4            Lair (5/5) D:9
 Shoals (0/4) Lair:3        Snake (0/4) Lair:2        Slime (0/5) Lair:4
    Orc (2/2) D:12        Ossuary (visited)           IceCv (visited)
Volcano (visited)
    Elf: Orc:2

Altars:
Ashenzari
Cheibriados
Dithmenos
Fedhas
Gozag
Hepliaklqana
Kikubaaqudgha
Makhleb
Nemelex Xobeh
Okawaru
Qazlal
Ru
Sif Muna
Trog
Uskayaw
Vehumet
Wu Jian
Xom
Yredelemnul
Jiyva
Lugonu

Shops:
D:4 !(

Portals:
Abyss: D:8

Annotations:
D:3 Ijyb
D:9 exclusion: door
D:10 unseen horror in locked room; Urug, exclusions: door and killer bee


Innate Abilities, Weirdness & Mutations

You are completely covered in large bone plates. (SH +8)
Your demonic aura sometimes causes spilled blood to erupt in flames.
You are completely covered in sharp spines.
Your touch may inflict irresistible damage on your foes.


Message History

The orc warrior unwields a +0 long sword.
The orc warrior wields a +0 arbalest of freezing.
It is covered in frost.
The orc warrior shoots a bolt.
You block the bolt.
You now have 25/29 mp.
T - a ring of wizardry (right hand)
The orc looks even sicker.
You kill the orc!
Sif Muna accepts your kill.
Unknown command.
Casting: Olgreb's Toxic Radiance (mildly dangerous; 2% risk of failure)
Confirm with . or Enter, or press ? or * to list all spells.
Aiming: Borgnjor's Vile Clutch (dangerous; 6% risk of failure)
Press: ? - help, Shift-Dir - straight line, f - orc knight
Aim: an orc knight, wielding a +0 arbalest and wearing a +0 chain mail (lightly wounded, poisoned, 100% to hit)
You feel a surge of power!
Zombie hands grab the orc sorcerer.
Zombie hands grab the orc.
You kill the orc!
Sif Muna accepts your kill.
The orc sorcerer looks even sicker.
You kill the orc!
Sif Muna accepts your kill.
The zombie hands constrict the orc sorcerer.
The orc sorcerer casts a spell at you.
You suddenly lose the ability to move!
The orc knight roars a battlecry!
The orcs go into a battle-frenzy!
The orc knight roars a battlecry!
The orcs go into a battle-frenzy!
The orc knight looks even sicker.
Your toxic aura wanes.
The zombie hands constrict the orc sorcerer!
You kill the orc!
Sif Muna accepts your kill.
The orc sorcerer struggles to escape constriction.
The orc knight shoots a bolt.
The bolt hits you!
The orc warrior shoots a bolt.
The bolt hits you. The bolt freezes you.
The orc knight shoots a bolt.
The bolt hits you!
The zombie hands constrict the orc sorcerer!
You kill the orc sorcerer!
Sif Muna accepts your kill.
The orc priest hits you with a +1 short sword of venom!
The orc knight shoots a bolt.
The bolt hits you!
The orc warrior shoots a bolt.
The bolt hits you!
The orc warrior shoots a bolt.
The bolt hits you. The bolt freezes you.
The orc knight shoots a bolt.
The bolt hits you!
* * * LOW HITPOINT WARNING * * *
The orc priest hits you with a +1 short sword of venom!
* * * LOW HITPOINT WARNING * * *
The orc knight roars a battlecry!
The orc warrior shoots a bolt.
The bolt hits you!
You die...

.........
.........
...#...#.
##.......$
#.........
.o).$....
##○o......
#o@)).....
#$°.......
#...o...$.
##........
.)..##.##
..o.# #
))..#
##....


You could see 2 orc knights, 2 orc warriors and an orc priest (strong,
poisoned).

Vanquished Creatures
  Kirke (Lair:3)
  Gastronok (Lair:1)
  3 dire elephants (Lair:5)
  5 hydras
  Fannar (D:12)
  A catoblepas (Lair:5)
  4 boulder beetles
  A two-headed ogre (D:10)
  Urug (D:10)
  4 death yaks
  Sonja (Lair:4)
  3 skeletal warriors (D:11)
  2 fire crabs
  A spectral anaconda (Lair:5)
  A swamp dragon (Lair:5)
  An obsidian statue (Lair:5)
  3 necromancers (Lair:5)
  An orc knight (Orc:1)
  An ugly thing (D:12)
  2 orc sorcerers
  A cyclops (D:12)
  2 manticores
  15 elephants
  4 black mambas
  A dire elephant skeleton (Lair:5)
  A dire elephant zombie (Lair:5)
  A torpor snail (Lair:4)
  17 cane toads
  5 gargoyles
  Maggie (D:6)
  3 rime drakes
  3 komodo dragons
  2 polar bears
  5 trolls
  2 harpy skeletons (Volcano)
  A wind drake (Lair:3)
  9 blink frogs (Lair:4)
  14 dream sheep
  3 flying skulls (Volcano)
  Sigmund (D:3)
  A shadow (D:9)
  26 yaks
  3 slime creatures
  3 wyverns
  2 alligator skeletons (Volcano)
  A basilisk (D:12)
  2 wraiths
  2 steam dragons
  5 hogs (Lair:3)
  Grum (D:10)
  Menkaure (D:4)
  4 nagas (Lair:2)
  An acid dragon (D:10)
  A warg (Orc:1)
  9 water moccasins
  16 orc warriors
  An ice beast (D:6)
  2 black bears
  3 sky beasts
  An ogre (Orc:1)
  12 wolves
  4 centaurs
  An elephant skeleton (Lair:5)
  3 kobold brigands
  A nameless horror (Lair:5)
  2 phantoms
  8 bullfrogs
  3 scorpions
  A cane toad simulacrum (Lair:5)
  5 wights (D:8)
  2 spriggan skeletons (Volcano)
  A troll skeleton (Volcano)
  3 howler monkeys
  2 electric eels (D:12)
  2 hounds
  Crazy Yiuf (D:4)
  7 orc priests
  17 jellies
  A gnoll bouda (D:10)
  A sleepcap (D:6)
  2 iguanas
  13 orc wizards
  2 naga skeletons (Volcano)
  5 mummies
  9 gnolls
  5 adders
  3 shadow imps (D:6)
  9 white imps
  2 worms
  3 dart slugs
  54 orcs
  4 bats
  4 endoplasms
  2 giant cockroaches
  3 goblins
  2 hobgoblins
  8 quokkas
  2 ball pythons
  A frilled lizard (D:1)
  2 gnoll skeletons (Ossuary)
  2 gnoll zombies (Ossuary)
  3 goblin skeletons (Ossuary)
  3 goblin zombies (Ossuary)
  6 hobgoblin skeletons (Ossuary)
  5 hobgoblin zombies (Ossuary)
  15 kobolds
  5 kobold skeletons (Ossuary)
  5 kobold zombies (Ossuary)
  5 orc skeletons (Ossuary)
  5 orc zombies (Ossuary)
  8 rats
  4 rat skeletons (Ossuary)
  5 rat zombies (Ossuary)
  2 lurking horrors (D:8)
499 creatures vanquished.

Vanquished Creatures (collateral kills)
  2 dire elephants (Lair:5)
  A skeletal warrior (D:11)
  A necromancer (Lair:5)
  A cyclops (D:11)
  2 elephants (Lair:5)
  3 trolls
  A slime creature (D:11)
  A slime creature simulacrum (IceCv)
  A cane toad simulacrum (Lair:5)
  2 orc priests (D:11)
  3 orc wizards
  4 white imps (D:11)
  10 orcs
32 creatures vanquished.

Grand Total: 531 creatures vanquished

Notes
Turn   | Place    | Note
-------+----------+-------------------------------------------
     0 | D:1      | backslashecho the Demonspawn Reaver began the quest for the
                  | Orb.
     0 | D:1      | Reached XP level 1. HP: 16/16 MP: 3/3
   164 | D:1      | Gained mutation: Your touch may inflict minor irresistible
                  | damage on your foes. [demonic ancestry]
   164 | D:1      | Reached XP level 2. HP: 22/22 MP: 5/5
   831 | D:2      | Learned a level 1 spell: Necrotise
   912 | D:2      | Gained mutation: You are partially covered in large bone
                  | plates. (SH +4) [demonic ancestry]
   912 | D:2      | Reached XP level 3. HP: 27/27 MP: 3/6
  1499 | D:3      | Reached skill level 1 in Unarmed Combat
  1499 | D:3      | Identified the +1 robe of Hangman {*Corrode Str+7 Dex+2
                  | Slay+3}
  1889 | D:3      | Noticed Ijyb
  1924 | D:3      | Noticed Sigmund
  1935 | D:3      | Killed Sigmund
  1936 | D:3      | Gained mutation: You are mostly covered in large bone
                  | plates. (SH +6) [demonic ancestry]
  1936 | D:3      | Reached XP level 4. HP: 21/37 MP: 7/7
  1936 | D:3      | Reached XP level 5. HP: 24/42 MP: 8/8
  1940 | D:3      | Learned a level 3 spell: Stone Arrow
  1942 | D:3      | Learned a level 1 spell: Sandblast
  2279 | D:4      | Found Zeocs's Weapon Shop.
  2386 | D:4      | You fall into a shaft and drop 1 floor!
  2386 | D:5      | Entered Level 5 of the Dungeon
  2464 | D:5      | Noticed a phantom
  2518 | D:4      | Noticed Menkaure
  2533 | D:3      | Identified a scroll of acquirement
  2533 | D:3      | Acquired the staff of earth "Vaenuket" {Dex+5}
  2554 | D:4      | Found Zegheuna's Distillery.
  2921 | D:4      | Found a blossoming altar of Fedhas.
  2957 | D:5      | Noticed an orc warrior
  2963 | D:5      | Reached skill level 1 in Earth Magic
  2963 | D:5      | Reached XP level 6. HP: 48/48 MP: 3/9
  3125 | D:5      | Noticed a wraith
  3166 | D:4      | Reached skill level 1 in Staves
  3435 | D:4      | Killed an orc warrior
  3535 | D:4      | Reached XP level 7. HP: 43/54 MP: 3/10
  3742 | D:5      | Killed a wraith
  4271 | D:6      | Gained mutation: Your demonic aura sometimes causes spilled
                  | blood to erupt in flames. [demonic ancestry]
  4271 | D:6      | Reached XP level 8. HP: 21/60 MP: 7/11
  4283 | D:6      | Reached skill level 5 in Earth Magic
  4299 | D:6      | Noticed Maggie
  4316 | D:6      | Killed Maggie
  4334 | D:6      | Found a sand-covered staircase.
  4480 | Ossuary  | Entered an ossuary
  5893 | D:6      | Reached skill level 5 in Conjurations
  5905 | D:6      | Gained mutation: Your touch may inflict irresistible damage
                  | on your foes. [demonic ancestry]
  5905 | D:6      | Reached XP level 9. HP: 34/65 MP: 9/12
  5913 | D:6      | Reached skill level 1 in Stealth
  6600 | D:6      | Reached skill level 5 in Dodging
  7144 | D:7      | Gained mutation: You are partially covered in sharp spines.
                  | [demonic ancestry]
  7144 | D:7      | Reached XP level 10. HP: 71/71 MP: 11/14
  7187 | D:7      | Found a basalt altar of Yredelemnul.
  7526 | D:7      | Found an ancient bone altar of Kikubaaqudgha.
  7984 | D:4      | Found a runed translucent door.
  7985 | D:4      | Noticed Crazy Yiuf
  7991 | D:4      | Killed Crazy Yiuf
  8076 | D:4      | Found a staircase to the Ecumenical Temple.
  8092 | Temple   | Entered the Ecumenical Temple
  8234 | Temple   | Became a worshipper of Sif Muna the Loreminder
  8330 | D:4      | Killed Menkaure
  8434 | D:8      | Reached skill level 1 in Invocations
  8562 | D:8      | Learned a level 2 spell: Static Discharge
  8643 | D:8      | Reached skill level 2 in Invocations
  8902 | D:8      | Found a corrupted altar of Lugonu.
  8909 | D:8      | Found a one-way gate to the infinite horrors of the Abyss.
  9166 | D:8      | Acquired a +1 helmet of intelligence
  9213 | D:9      | Reached skill level 1 in Air Magic
  9229 | D:9      | Found a staircase to the Lair.
  9233 | D:9      | Learned a level 2 spell: Wereblood
  9233 | D:9      | Noticed a fire crab
  9240 | D:9      | Killed a fire crab
  9241 | D:9      | Reached skill level 5 in Stealth
  9241 | D:9      | Reached skill level 5 in Spellcasting
  9241 | D:9      | Reached skill level 3 in Invocations
  9691 | D:9      | Reached skill level 4 in Invocations
  9797 | D:9      | Reached skill level 1 in Transmutations
  9813 | D:9      | Reached * piety under Sif Muna
 10226 | D:9      | Noticed a two-headed ogre
 10268 | D:10     | Entered Level 10 of the Dungeon
 10456 | D:10     | Noticed Grum
 10481 | D:10     | Killed Grum
 10560 | D:10     | Noticed a two-headed ogre
 10956 | D:10     | Reached XP level 11. HP: 77/77 MP: 20/20
 11301 | D:10     | Noticed Urug
 11769 | D:10     | Reached skill level 5 in Invocations
 11790 | D:10     | Killed a two-headed ogre
 11910 | D:10     | Killed Urug
 12049 | Lair:1   | Entered Level 1 of the Lair of Beasts
 12088 | Lair:1   | Reached skill level 6 in Invocations
 12139 | Lair:1   | You fall into a shaft and drop 1 floor!
 12578 | Lair:1   | Noticed a four-headed hydra
 12596 | Lair:1   | Noticed a five-headed hydra
 12618 | Lair:1   | Killed a five-headed hydra
 12619 | Lair:1   | Reached skill level 7 in Invocations
 12681 | Lair:1   | Learned a level 3 spell: Hailstorm
 12697 | Lair:1   | Killed a four-headed hydra
 12698 | Lair:1   | Reached skill level 8 in Invocations
 12884 | Lair:1   | Identified the +0 robe "Puhele" {Str+2 Int+3}
 12916 | Lair:1   | Learned a level 4 spell: Olgreb's Toxic Radiance
 12993 | Lair:1   | Reached skill level 1 in Poison Magic
 13070 | Lair:1   | Reached skill level 9 in Invocations
 13277 | Lair:1   | Noticed Gastronok
 13534 | Lair:1   | Killed Gastronok
 13535 | Lair:1   | Reached skill level 5 in Fighting
 14173 | Lair:2   | Found a staircase to the Snake Pit.
 14179 | Lair:2   | Gained mutation: You are completely covered in large bone
                  | plates. (SH +8) [demonic ancestry]
 14179 | Lair:2   | Reached XP level 12. HP: 86/86 MP: 20/24
 14213 | Lair:2   | Reached skill level 5 in Poison Magic
 14216 | Lair:2   | Learned a level 2 spell: Poisonous Vapours
 14304 | Lair:2   | Reached skill level 10 in Invocations
 14774 | Lair:2   | Reached ** piety under Sif Muna
 15622 | Lair:3   | Reached skill level 11 in Invocations
 15848 | Lair:3   | Found a staircase to the Shoals.
 15878 | Lair:3   | Found a dark tunnel.
 15891 | Volcano  | Entered a volcano
 16405 | Volcano  | Reached skill level 10 in Conjurations
 17319 | Lair:4   | Noticed a death yak
 17319 | Lair:4   | Noticed a death yak
 17319 | Lair:4   | Noticed a death yak
 17358 | Lair:4   | Noticed Sonja
 17498 | Lair:4   | Identified the staff of poison "Oheotyal" {rPois Str+5}
 17554 | Lair:4   | Reached skill level 12 in Invocations
 17644 | Lair:3   | Killed a death yak
 17645 | Lair:3   | Gained mutation: You are mostly covered in sharp spines.
                  | [demonic ancestry]
 17645 | Lair:3   | Reached XP level 13. HP: 68/93 MP: 17/25
 18000 | Lair:4   | Killed Sonja
 18062 | Lair:4   | Found a staircase to the Slime Pits.
 18070 | Lair:4   | Found a viscous altar of Jiyva.
 18115 | Lair:4   | Reached *** piety under Sif Muna
 18232 | Lair:4   | Noticed Kirke
 19112 | Lair:3   | Reached skill level 10 in Spellcasting
 19112 | Lair:3   | Reached skill level 13 in Invocations
 19140 | Lair:3   | Learned a level 4 spell: Summon Lightning Spire
 19170 | Lair:3   | Killed Kirke
 19342 | Lair:5   | Entered Level 5 of the Lair of Beasts
 19657 | Lair:5   | Noticed a dire elephant
 19657 | Lair:5   | Noticed a dire elephant
 19688 | Lair:5   | Noticed a dire elephant
 19688 | Lair:5   | Noticed a dire elephant
 19750 | Lair:5   | Reached skill level 1 in Evocations
 20151 | Lair:5   | Reached skill level 14 in Invocations
 20155 | Lair:5   | Reached **** piety under Sif Muna
 21191 | Lair:5   | Noticed a dire elephant
 21224 | Lair:5   | Killed a dire elephant
 21225 | Lair:5   | Gained mutation: You are completely covered in sharp
                  | spines. [demonic ancestry]
 21225 | Lair:5   | Reached XP level 14. HP: 30/100 MP: 15/28
 21806 | Lair:5   | Reached skill level 5 in Evocations
 22068 | Lair:5   | Reached skill level 15 in Invocations
 22359 | Lair:5   | Identified the amulet of Lady Luck {rF+ Regen+ MP+9}
 22678 | D:11     | Found a frozen archway.
 22760 | IceCv    | Entered an ice cave
 24372 | D:12     | Learned a level 5 spell: Borgnjor's Vile Clutch
 24397 | D:12     | Reached ***** piety under Sif Muna
 24569 | D:12     | Noticed Fannar
 24580 | D:12     | Killed Fannar
 24987 | D:12     | Found a staircase to the Orcish Mines.
 25003 | Orc:1    | Entered Level 1 of the Orcish Mines
 25512 | Orc:1    | Received a gift from Sif Muna
 25513 | Orc:1    | Got Sif Muna's Tractate on Damage {god gift}
 25670 | Orc:2    | Entered Level 2 of the Orcish Mines
 25673 | Orc:2    | Paralysed by an orc sorcerer for 5 turns
 25676 | Orc:2    | Shot with a bolt by an orc warrior

Illustrated notes

Levels and vault maps discovered:
D:1:      dpeg_arrival_tiny_c, layout_loops_ring, minmay_quantized
D:2:      layout_loops_ring, nrook_mini_backslash, wad_floor_pattern_2,
          minmay_misc_feat_pillars
D:3:      layout_basic, serial_bayou_lagoon_a, uniq_ijyb, uniq_sigmund
D:4:      layout_basic, lemuel_coloured_pillars_altar,
          minmay_temple_entry_drinking_statues, serial_shops,
          nicolae_shop_competitors_out_of_business, nicolae_shop_statue_plus,
          minmay_misc_feat_tower, uniq_crazy_yiuf_cottage, uniq_menkaure
D:5:      layout_cave_pools, serial_park, serial_park_paths
          [serial_park_minivault_5x5_5], serial_park_square1
          [serial_park_minivault_5x5_5], serial_park_square1
          [serial_park_minivault_5x5_8], serial_park_tiny_2, grunt_ministairs_8
D:6:      layout_basic, gup_ossuary_entry_pyramid, dk_rats_in_the_wall,
          uniq_maggie
D:7:      layout_rooms, mainiacjoe_overflow_catwalk, kennysheep_little_box
D:8:      layout_basic, mainiacjoe_overflow_tiny_flanked,
          amcnicky_altar_lugonu_corruption
D:9:      layout_basic, minmay_lair_entry_lava, minmay_holes,
          roderic_serpentine_path
D:10:     layout_stronghold, serial_column_ruins, column_ruins_hut,
          column_ruins_circle_large, column_ruins_columns_straight,
          column_ruins_grid_1, column_ruins_grid_1, column_ruins_open_medium,
          uniq_grum, uniq_urug
D:11:     layout_basic, portal_ice_cave_entry_imps
D:12:     layout_loops_ring, erik_orc_2, uniq_fannar
Temple:   mainiacjoe_temple_coin_purse
Lair:1:   layout_cellular_growth, hangedman_lair_generics_rect, uniq_gastronok
Lair:2:   layout_cave_pods, minmay_snake_entry_guardpost_small
Lair:3:   layout_layer_cave, minmay_shoals_entry_beasts,
          nicolae_volcano_entry_lava_flow
Lair:4:   layout_gridlike, minmay_slime_entry_jelly_boxes,
          chequers_serial_rivers_small_b, uniq_kirke, uniq_sonja
Lair:5:   due_jungle_book, layout_big_grid, hibernation_bobbens,
          serial_bayou_shore_a
Orc:1:    layout_caves, basic_altar
Orc:2:    st_orc_ogre_mass, layout_caves

Skill      XL: |  1  2  3  4  5  6  7  8  9 10 11 12 13 14 |
---------------+-------------------------------------------+-----
Axes           | 3 |  3.4
Dodging        | 2 4 5 6 7 8 |  8.0
Unarmed Combat | 1 |  1.0
Fighting       | 4 5 6 7 |  7.6
Necromancy     | 3 4 |  4.4
Earth Magic    | 1 3 4 6 |  6.0
Staves         | 2 4 |  4.0
Conjurations   | 5 8 10 | 10.0
Stealth        | 4 5 |  5.0
Spellcasting   | 3 6 8 10 11 | 11.7
Invocations    | 4 9 12 14 15 | 15.0
Air Magic      | 2 |  2.0
Transmutations | 2 |  2.0
Poison Magic   | 4 5 |  5.0
Summonings     | 3 |  3.0
Evocations     | 4 7 |  7.0

Action                     |  1- 3 |  4- 6 |  7- 9 | 10-12 | 13-15 || total
---------------------------+-------+-------+-------+-------+-------++-------
  Melee: Hand axe          |   108 |     4 |       |       |       ||   112
         Touch             |     7 |     7 |    16 |    29 |    47 ||   106
         Punch             |     3 |     2 |     1 |     1 |     2 ||     9
         Staff             |       |    25 |    40 |     8 |     8 ||    81
         Unarmed           |       |     1 |       |       |       ||     1
         Whip              |       |       |    23 |    99 |   142 ||   264
         Dagger            |       |       |       |     5 |     2 ||     7
  Throw: Dart              |       |       |       |     2 |     3 ||     5
   Cast: Necrotise         |    17 |    35 |       |     8 |     7 ||    67
         Kiss of Death     |     1 |     1 |     1 |     1 |       ||     4
         Sandblast         |       |     4 |   144 |   129 |   100 ||   377
         Stone Arrow       |       |       |    14 |   118 |   136 ||   268
         Wereblood         |       |       |       |     3 |       ||     3
         Olgreb's Toxic Ra |       |       |       |     5 |    24 ||    29
         Static Discharge  |       |       |       |     5 |    19 ||    24
         Hailstorm         |       |       |       |     4 |     4 ||     8
         Summon Lightning  |       |       |       |       |    55 ||    55
         Poisonous Vapours |       |       |       |       |     2 ||     2
         Borgnjor's Vile C |       |       |       |       |     6 ||     6
 Invoke: Channel Magic     |       |       |       |     2 |     2 ||     4
  Evoke: Wand              |       |       |       |     9 |    12 ||    21
         Lightning rod     |       |       |       |       |     3 ||     3
         Box of beasts     |       |       |       |       |     1 ||     1
    Use: Scroll            |     1 |    11 |     3 |    11 |    12 ||    38
         Potion            |     1 |     1 |     7 |     1 |     1 ||    11
   Stab: Sleeping          |       |       |       |     3 |       ||     3
         Paralysed         |       |       |       |       |     1 ||     1
         Distracted        |       |       |       |       |     2 ||     2
 Armour: Leather armour    |    22 |       |       |       |       ||    22
         Robe              |     3 |    19 |    19 |    46 |    31 ||   118
  Dodge: Dodged            |    62 |    39 |    67 |   190 |   214 ||   572
  Block: Other             |     6 |    23 |    34 |    82 |   100 ||   245
